 Dungeon Crawl Stone Soup version 0.31-a0-175-g9f7f995f2b (webtiles) character file.

Game seed: 17795371542478041643

46771 qw the Cleaver (level 14, 0/90 HPs)
             Began as a Gargoyle Fighter on June 16, 2023.
             Was an Elder of Okawaru.
             Slain by a six-headed hydra (11 damage)
             ... on level 4 of the Lair of Beasts.
             The game lasted 00:06:48 (13838 turns).

qw the Cleaver (Gargoyle Fighter)                  Turns: 13838, Time: 00:06:49

Health: 0/90       AC: 37    Str: 35    XL:     14   Next: 39%
Magic:  16/21      EV: 10    Int:  8    God:    Okawaru [****..]
Gold:   827        SH: 13    Dex:  8    Spells: 13/13 levels left

rFire   . . .        a - +2 morningstar (freeze)
rCold   . . .        c - +0 kite shield {AC+3}
rNeg    + + .        u - +0 plate armour
rPois   inf          e - +0 helmet
rElec   +            (no cloak)
rCorr   .            i - +2 pair of gloves
SInv    .            (no boots)
Will    +....        (no amulet) Stlth
                     l - +6 ring of strength
HPRegen 0.35/turn    f - ring of positive energy
MPRegen 0.17/turn

%: clarity
@: about to teleport, heroic, finesse-ful, flying
A: sickness immunity, AC +10, big wings, negative energy resistance 1,
electricity resistance, torment resistance 1, petrification resistance,
iridescent scales 1, clarity, sense surroundings 1, strong 1
a: Renounce Religion, Heroism, Finesse


You were on level 4 of the Lair of Beasts.
You worshipped Okawaru.
Okawaru was greatly pleased with you.
You visited 2 branches of the dungeon, and saw 14 of its levels.

You collected 989 gold pieces.
You spent 162 gold pieces at shops.


Innate Abilities, Weirdness & Mutations

You are immune to sickness and miasma.
Your stone body is resilient. (AC +10)
You are immune to poison.
Your large and strong wings let you fly.
You resist negative energy. (rN+)
You are resistant to electric shocks. (rElec)
You are resistant to unholy torment.
You are immune to petrification.
You are partially covered in iridescent scales. (AC +2)
You possess an exceptional clarity of mind.
You passively map a small area around you.
Your muscles are strong. (Str +4, Int/Dex -1)


   Skills:
 - Level 11.0(16.0) Fighting
 - Level 14.0(19.0) Axes
 - Level 5.1(10.1) Throwing
 + Level 9.9(14.9) Armour
 - Level 2.0(7.0) Dodging
 - Level 12.0(17.0) Shields
 - Level 10.0 Invocations


You had 13 spell levels left.
You didn't know any spells.
Your spell library was empty.

Inventory:

Hand Weapons
 a - a +2 morningstar of freezing (weapon)
 Y - a +2 heavy broad axe
Missiles
 b - a silver javelin
 o - 2 boomerangs
 v - a javelin (quivered)
Armour
 c - a +0 kite shield of protection (worn)
 e - a +0 helmet (worn)
 i - a +2 pair of gloves (worn)
 r - +0 acid dragon scales
 u - a +0 plate armour (worn)
Jewellery
 f - a ring of positive energy (right hand)
 l - a +6 ring of strength (left hand)
 t - a ring of fire
Scrolls
 k - 4 scrolls of identify
 p - a scroll of teleportation
Potions
 d - 2 potions of might
 h - 4 potions of curing
 j - 4 potions of mutation
 m - a potion of attraction
 n - 3 potions of resistance
 q - 4 potions of cancellation
 s - 2 potions of lignification

Dungeon Overview and Level Annotations

Branches:
Dungeon (10/15)            Temple (0/1) D:7            Lair (4/5) D:10
  Swamp (0/4) Lair:3       Spider (0/4) Lair:3
  Slime: Lair:4-5       Orc: D:9-12

Altars:
Fedhas
Gozag
Kikubaaqudgha
Okawaru
Ru
Trog
Vehumet
Wu Jian
Yredelemnul
The Shining One

Shops:
D:3 :   D:5 *


Message History

As you read the scroll of teleportation, it crumbles to dust.
You feel strangely unstable. You block the basilisk's attack.
You block the death yak's attack.
The six-headed hydra completely misses you.
The six-headed hydra bites you but does no damage. x4
You block the six-headed hydra's attack.
You puncture the death yak! You freeze the death yak.
The death yak is severely wounded.
You hit the death yak. You freeze the death yak.
The death yak is almost dead.
You block the basilisk's attack.
The death yak gores you but does no damage.
You sock the death yak! You freeze the death yak.
You kill the death yak!
Okawaru accepts your kill. The six-headed hydra bites you.
The six-headed hydra closely misses you.
The six-headed hydra barely misses you.
You block the six-headed hydra's attack.
The six-headed hydra bites you!
The six-headed hydra completely misses you.
You hit the six-headed hydra.
The six-headed hydra seems to slow down.
You freeze the six-headed hydra.
The six-headed hydra is lightly wounded.
You block the basilisk's attack.
You puncture the six-headed hydra!
The six-headed hydra seems to slow down.
You freeze the six-headed hydra.
The six-headed hydra is moderately wounded.
You completely miss the six-headed hydra.
The six-headed hydra is moderately wounded.
You bludgeon the six-headed hydra!!
The six-headed hydra seems to slow down.
You freeze the six-headed hydra.
The six-headed hydra is almost dead.
The basilisk closely misses you.
The six-headed hydra bites you but does no damage.
The six-headed hydra bites you!
You die...

, * .... * ,....., .....
# ,. ..... .## , .. #..#
*....# ..###.####...#
........D......## , ...
#..l@#....P#
....##..%(.....#*
#.........(....#
....#....#....#
....#....##...# *
<.............#
#.##P##.....###P......##
......................P#
......................##


You could see a six-headed hydra (slow) and a basilisk.

Vanquished Creatures
  Gastronok (D:8)
  Nessos (Lair:4)
  Josephine (Lair:4)
  Fannar (D:10)
  A hydra (Lair:2)
  2 two-headed ogres
  A ghost crab (Lair:3)
  A boulder beetle (D:10)
  5 death yaks (Lair:4)
  A tengu warrior (D:10)
  A skyshark (Lair:4)
  A spectral death yak (Lair:3)
  A spectral hydra (Lair:3)
  2 manticores (D:10)
  2 cyclopes (D:10)
  8 black mambas
  17 elephants
  10 cane toads
  Maggie (D:7)
  An efreet (D:10)
  A tengu conjurer (D:10)
  6 komodo dragons
  An unseen horror (D:10)
  4 rime drakes
  3 polar bears
  3 hornets
  12 blink frogs
  A spectral dream sheep (Lair:3)
  Prince Ribbit (D:7)
  A slime creature (D:10)
  A jumping spider (Lair:3)
  2 spectral black mambas (Lair:3)
  25 yaks
  6 wyverns
  A vampire (D:9)
  2 steam dragons
  Grum (D:8)
  4 wraiths
  A spectral komodo dragon (Lair:3)
  A vampire mosquito (D:10)
  Menkaure (D:7)
  An acid dragon (D:9)
  10 water moccasins
  Duvessa (D:5)
  4 ice beasts
  A black bear (D:7)
  4 orc warriors
  4 sky beasts
  18 wolves
  6 ogres
  A phantom (D:5)
  7 centaurs
  5 kobold brigands
  11 bullfrogs
  A gnoll sergeant (D:8)
  3 scorpions
  19 wights
  Dowan (D:5)
  17 killer bees
  7 howler monkeys
  A jelly (D:6)
  4 hounds
  4 gnoll boudas
  5 orc priests
  Terence (D:2)
  3 iguanas (D:6)
  6 orc wizards
  19 gnolls
  3 adders
  A river rat (D:6)
  4 white imps
  3 ufetubi
  2 dart slugs
  28 orcs
  8 endoplasms
  5 giant cockroaches
  8 goblins
  5 hobgoblins
  3 jackals (D:1)
  5 quokkas
  7 ball pythons
  4 bats
  A frilled lizard (D:1)
  14 kobolds
  8 rats
410 creatures vanquished.

Notes
Turn   | Place    | Note
-------+----------+-------------------------------------------
     0 | D:1      | qw the Gargoyle Fighter began the quest for the Orb.
     0 | D:1      | Reached XP level 1. HP: 14/14 MP: 1/1
     0 | D:1      | 0 ||| qw: Version: 0.2-a-29-g511e9b1
     0 | D:1      | 0 ||| qw: Game counter: 5701
     0 | D:1      | 0 ||| qw: Always use a shield: true
     0 | D:1      | 0 ||| qw: God list: Okawaru
     0 | D:1      | 0 ||| qw: Allow faded altars: false
     0 | D:1      | 0 ||| qw: Do Orc after D:15 true
     0 | D:1      | 0 ||| qw: Do second Lair branch before Depths: true
     0 | D:1      | 0 ||| qw: Lair rune preference: random
     0 | D:1      | 0 ||| qw: Plans: Normal, Zot:1-4, Slime:5, God:TSO, Crypt,
                  | Tomb, Abyss, Pan, Hells, Win
     0 | D:1      | 0 ||| PLANNING D:1-11
    35 | D:1      | Reached skill level 2 in Axes
   203 | D:1      | 203 ||| Stepping ~*~*~tactically~*~*~ (stealth).
   212 | D:1      | Reached XP level 2. HP: 12/19 MP: 2/2
   413 | D:1      | Reached skill level 3 in Axes
   488 | D:1      | Reached XP level 3. HP: 20/23 MP: 3/3
   996 | D:1      | 996 ||| UPGRADING to +0 pair of gloves.
  1001 | D:1      | 1001 ||| READING 2 scrolls labelled VENEKK LOINN.
  1002 | D:1      | 1002 ||| READING scroll labelled CAXENEA SUFE.
  1007 | D:1      | 1007 ||| READING scroll labelled YGABAV YCOI.
  1008 | D:1      | 1008 ||| DRINKING 2 fizzy yellow potions.
  1009 | D:1      | 1009 ||| DROPPING scroll of vulnerability.
  1236 | D:2      | 1236 ||| Stepping ~*~*~tactically~*~*~ (hiding).
  1241 | D:2      | 1241 ||| Stepping ~*~*~tactically~*~*~ (hiding).
  1332 | D:2      | Found an ornate altar of the Wu Jian Council.
  1409 | D:2      | Reached XP level 4. HP: 28/28 MP: 4/4
  1419 | D:2      | Noticed Terence
  1429 | D:2      | Killed Terence
  1430 | D:2      | Reached skill level 4 in Axes
  1477 | D:2      | 1477 ||| DROPPING +0 club.
  1624 | D:2      | 1624 ||| UPGRADING to +0 chain mail.
  1634 | D:2      | 1634 ||| DROPPING +0 scale mail.
  1635 | D:2      | 1635 ||| READING 2 scrolls labelled KYABLE FIUSA.
  1636 | D:2      | 1636 ||| READING scroll of enchant weapon.
  1636 | D:2      | 1636 ||| ENCHANTING +1 war axe.
  1637 | D:2      | 1637 ||| READING 3 scrolls labelled ROCIHO QEMP.
  1638 | D:2      | 1638 ||| READING scroll labelled TAVOCU GAEPI.
  1639 | D:2      | 1639 ||| READING 2 scrolls labelled RIOMNU QUMI.
  1640 | D:2      | 1640 ||| READING scroll labelled ZEIMEM NYRPH.
  1641 | D:2      | 1641 ||| READING scroll labelled CEUSEOF KYFEOGH.
  1642 | D:2      | 1642 ||| DROPPING 2 scrolls of fear.
  1832 | D:3      | Found Lecy's Vocational Training.
  1844 | D:3      | 1844 ||| Stepping ~*~*~tactically~*~*~ (stealth).
  2014 | D:3      | Identified the +3 chain mail of Starshine {rPois}
  2086 | D:3      | 2086 ||| UPGRADING to +3 chain mail of Starshine {rPois}.
  2096 | D:3      | 2096 ||| DROPPING +0 chain mail.
  2097 | D:3      | 2097 ||| READING 2 scrolls of identify.
  2097 | D:3      | 2097 ||| IDENTIFYING fuming golden potion
  2248 | D:4      | 2248 ||| Stepping ~*~*~tactically~*~*~ (hiding).
  2448 | D:4      | Found a blossoming altar of Fedhas.
  2532 | D:4      | Reached XP level 5. HP: 20/32 MP: 5/5
  2532 | D:4      | 2532 ||| FLEEEEING.
  2533 | D:4      | 2533 ||| FLEEEEING.
  2534 | D:4      | 2534 ||| FLEEEEING.
  2535 | D:4      | 2535 ||| FLEEEEING.
  2536 | D:4      | 2536 ||| FLEEEEING.
  2537 | D:4      | 2537 ||| FLEEEEING.
  2538 | D:4      | 2538 ||| FLEEEEING.
  2540 | D:4      | 2540 ||| FLEEEEING.
  2544 | D:4      | 2544 ||| FLEEEEING.
  2545 | D:4      | 2545 ||| FLEEEEING.
  2546 | D:4      | 2546 ||| FLEEEEING.
  2547 | D:4      | 2547 ||| FLEEEEING.
  2549 | D:4      | 2549 ||| FLEEEEING.
  2550 | D:4      | 2550 ||| FLEEEEING.
  2551 | D:4      | 2551 ||| FLEEEEING.
  2552 | D:4      | 2552 ||| FLEEEEING.
  2553 | D:4      | 2553 ||| FLEEEEING.
  2554 | D:4      | 2554 ||| FLEEEEING.
  2556 | D:4      | 2556 ||| STAIRDANCE
  2576 | D:3      | 2576 ||| READING scroll labelled LIS OTHROSCHASSE.
  2577 | D:3      | 2577 ||| READING 2 scrolls labelled IHIBOGUREA.
  2578 | D:3      | 2578 ||| READING scroll labelled DEX MEITIUTZ.
  2579 | D:3      | 2579 ||| DROPPING scroll of poison.
  2613 | D:4      | Reached skill level 5 in Axes
  2897 | D:4      | Found a glowing golden altar of the Shining One.
  2900 | D:4      | Found an iron altar of Okawaru.
  2901 | D:4      | 2901 ||| PLANNING OKAWARU WORSHIP
  2904 | D:4      | Became a worshipper of Warmaster Okawaru
  2905 | D:4      | 2905 ||| PLANNING D:1-11
  2908 | D:4      | Found a bloodstained altar of Trog.
  2984 | D:4      | Found a sacrificial altar of Ru.
  3039 | D:5      | Entered Level 5 of the Dungeon
  3060 | D:5      | Noticed a centaur
  3061 | D:5      | 3061 ||| Stepping ~*~*~tactically~*~*~ (hiding).
  3062 | D:5      | 3062 ||| Stepping ~*~*~tactically~*~*~ (hiding).
  3063 | D:5      | 3063 ||| Stepping ~*~*~tactically~*~*~ (hiding).
  3075 | D:5      | Killed a centaur
  3076 | D:5      | Reached XP level 6. HP: 14/39 MP: 6/6
  3316 | D:5      | Found Pamyom's General Store.
  3324 | D:5      | 3324 ||| BUYING +0 morningstar (48 gold).
  3324 | D:5      | Bought a +0 morningstar for 48 gold pieces
  3324 | D:5      | 3324 ||| BUYING scroll of enchant weapon (90 gold).
  3324 | D:5      | Bought a scroll of enchant weapon for 90 gold pieces
  3324 | D:5      | 3324 ||| BUYING scroll of identify (24 gold).
  3324 | D:5      | Bought a scroll of identify for 24 gold pieces
  3324 | D:5      | 3324 ||| DROPPING +0 flail.
  3325 | D:5      | 3325 ||| READING scroll of enchant weapon.
  3325 | D:5      | 3325 ||| ENCHANTING +2 war axe.
  3378 | D:5      | Reached * piety under Okawaru
  3444 | D:5      | 3444 ||| Stepping ~*~*~tactically~*~*~ (hiding).
  3452 | D:5      | Reached skill level 6 in Axes
  3452 | D:5      | Reached skill level 1 in Invocations
  3452 | D:5      | Reached XP level 7. HP: 44/44 MP: 6/8
  3478 | D:5      | Noticed Duvessa
  3479 | D:5      | 3479 ||| INVOKING Heroism.
  3479 | D:5      | Noticed Dowan
  3480 | D:5      | 3480 ||| Stepping ~*~*~tactically~*~*~ (hiding).
  3481 | D:5      | 3481 ||| Stepping ~*~*~tactically~*~*~ (hiding).
  3482 | D:5      | 3482 ||| Stepping ~*~*~tactically~*~*~ (hiding).
  3483 | D:5      | 3483 ||| INVOKING Heroism.
  3484 | D:5      | 3484 ||| Stepping ~*~*~tactically~*~*~ (hiding).
  3486 | D:5      | 3486 ||| Stepping ~*~*~tactically~*~*~ (hiding).
  3487 | D:5      | 3487 ||| Stepping ~*~*~tactically~*~*~ (hiding).
  3488 | D:5      | 3488 ||| Stepping ~*~*~tactically~*~*~ (hiding).
  3494 | D:5      | Killed Duvessa
  3495 | D:5      | Reached skill level 1 in Dodging
  3497 | D:5      | 3497 ||| INVOKING Heroism.
  3504 | D:5      | HP: 11/44 [Dowan/stone arrow (5)]
  3505 | D:5      | 3505 ||| READING 2 scrolls of teleportation.
  3505 | D:5      | HP: 2/44 [Dowan/shard of ice (9)]
  3506 | D:5      | 3506 ||| DRINKING potion of heal wounds.
  3507 | D:5      | Killed Dowan
  3627 | D:5      | Reached skill level 3 in Invocations
  3766 | D:5      | 3766 ||| DROPPING +6 ring of intelligence.
  3767 | D:5      | 3767 ||| UPGRADING to +6 ring of strength.
  3768 | D:5      | 3768 ||| DRINKING 3 bubbling silvery potions.
  3768 | D:5      | Gained mutation: You have hidden genetic potential. [potion
                  | of mutation]
  3768 | D:5      | Gained mutation: You passively map a small area around you.
                  | [potion of mutation]
  3768 | D:5      | Gained mutation: You possess an exceptional clarity of
                  | mind. [potion of mutation]
  3769 | D:5      | 3769 ||| DRINKING 2 cyan potions.
  3770 | D:5      | 3770 ||| READING 3 scrolls of identify.
  3770 | D:5      | 3770 ||| IDENTIFYING viscous black potion
  3771 | D:5      | 3771 ||| READING 2 scrolls of identify.
  3771 | D:5      | 3771 ||| IDENTIFYING pink potion
  3772 | D:5      | 3772 ||| DROPPING potion of degeneration.
  3773 | D:5      | 3773 ||| DROPPING potion of enlightenment.
  3797 | D:6      | 3797 ||| PLANNING SEWER
  3959 | D:6      | 3959 ||| INVOKING Heroism.
  4054 | D:6      | 4054 ||| INVOKING Heroism.
  4123 | D:6      | Reached XP level 8. HP: 44/48 MP: 9/11
  4151 | D:6      | 4151 ||| INVOKING Heroism.
  4162 | D:6      | Reached skill level 7 in Axes
  4328 | D:6      | Gained mutation: Your muscles are strong. (Str +4, Int/Dex
                  | -1) [hidden potential]
  4348 | D:6      | 4348 ||| INVOKING Heroism.
  4490 | D:6      | 4490 ||| READING scroll of enchant weapon.
  4490 | D:6      | 4490 ||| ENCHANTING +3 war axe.
  4569 | D:6      | 4569 ||| RIP SEWER
  4664 | D:6      | 4664 ||| PLANNING D:1-11
  4664 | D:6      | 4664 ||| READING scroll labelled MIL HESAWK.
  4696 | D:7      | 4696 ||| STAIRDANCE
  4700 | D:6      | Reached skill level 8 in Axes
  4803 | D:7      | Noticed a hornet
  4804 | D:7      | 4804 ||| Stepping ~*~*~tactically~*~*~ (stealth).
  4813 | D:7      | Killed a hornet
  4813 | D:7      | Reached ** piety under Okawaru
  4814 | D:7      | Reached skill level 6 in Fighting
  4814 | D:7      | Reached XP level 9. HP: 51/56 MP: 12/12
  4888 | D:7      | Found an ancient bone altar of Kikubaaqudgha.
  4898 | D:7      | 4898 ||| Stepping ~*~*~tactically~*~*~ (hiding).
  4927 | D:7      | Noticed Prince Ribbit
  4928 | D:7      | 4928 ||| INVOKING Heroism.
  4930 | D:7      | Killed Prince Ribbit
  4931 | D:7      | Reached skill level 9 in Axes
  4947 | D:7      | Gained mutation: You are partially covered in iridescent
                  | scales. (AC +2) [hidden potential]
  4947 | D:7      | Lost mutation: You have hidden genetic potential. [hidden
                  | potential expressed]
  4990 | D:7      | 4990 ||| INVOKING Heroism.
  5054 | D:7      | 5054 ||| INVOKING Heroism.
  5135 | D:7      | Found a staircase to the Ecumenical Temple.
  5143 | D:7      | 5143 ||| Stepping ~*~*~tactically~*~*~ (stealth).
  5162 | D:7      | 5162 ||| Stepping ~*~*~tactically~*~*~ (stealth).
  5199 | D:7      | 5199 ||| Stepping ~*~*~tactically~*~*~ (stealth).
  5201 | D:7      | 5201 ||| Stepping ~*~*~tactically~*~*~ (stealth).
  5215 | D:7      | Noticed Menkaure
  5216 | D:7      | 5216 ||| INVOKING Heroism.
  5227 | D:7      | Killed Menkaure
  5250 | D:7      | 5250 ||| READING scroll of enchant weapon.
  5250 | D:7      | 5250 ||| ENCHANTING +4 war axe.
  5380 | D:7      | Noticed Maggie
  5381 | D:7      | 5381 ||| Stepping ~*~*~tactically~*~*~ (hiding).
  5395 | D:7      | 5395 ||| INVOKING Heroism.
  5396 | D:7      | Killed Maggie
  5481 | D:7      | 5481 ||| UPGRADING to +1 heavy broad axe.
  5482 | D:7      | 5482 ||| DROPPING +5 war axe.
  5495 | D:7      | Noticed a hornet
  5507 | D:7      | Killed a hornet
  5508 | D:7      | Reached skill level 10 in Axes
  5534 | D:7      | 5534 ||| Stepping ~*~*~tactically~*~*~ (stealth).
  5671 | D:7      | 5671 ||| Stepping ~*~*~tactically~*~*~ (hiding).
  5957 | D:7      | 5957 ||| UPGRADING to +0 helmet.
  5962 | D:7      | 5962 ||| UPGRADING to ring of positive energy.
  5963 | D:7      | 5963 ||| READING 3 scrolls of identify.
  5963 | D:7      | 5963 ||| IDENTIFYING lumpy white potion
  5964 | D:7      | 5964 ||| READING 2 scrolls of identify.
  5964 | D:7      | 5964 ||| IDENTIFYING green potion
  5965 | D:7      | 5965 ||| DROPPING potion of brilliance.
  5994 | D:8      | 5994 ||| Stepping ~*~*~tactically~*~*~ (hiding).
  5995 | D:8      | Noticed Gastronok
  5996 | D:8      | 5996 ||| INVOKING Heroism.
  5999 | D:8      | Noticed Grum
  6002 | D:8      | Reached XP level 10. HP: 48/63 MP: 10/13
  6011 | D:8      | Killed Gastronok
  6011 | D:8      | Reached *** piety under Okawaru
  6012 | D:8      | Reached skill level 9 in Fighting
  6016 | D:8      | 6016 ||| INVOKING Heroism.
  6018 | D:8      | HP: 16/66 [wight/+2 flail of freezing (2)]
  6019 | D:8      | 6019 ||| READING 3 scrolls of teleportation.
  6175 | D:8      | 6175 ||| INVOKING Heroism.
  6187 | D:8      | 6187 ||| INVOKING Heroism.
  6233 | D:8      | 6233 ||| Stepping ~*~*~tactically~*~*~ (stealth).
  6234 | D:8      | 6234 ||| Stepping ~*~*~tactically~*~*~ (stealth).
  6281 | D:8      | 6281 ||| DROPPING +0 morningstar.
  6456 | D:8      | Reached skill level 11 in Axes
  6472 | D:8      | 6472 ||| INVOKING Heroism.
  6474 | D:8      | 6474 ||| Stepping ~*~*~tactically~*~*~ (cloud).
  6487 | D:8      | Killed Grum
  6495 | D:8      | Reached skill level 6 in Armour
  6500 | D:8      | 6500 ||| Stepping ~*~*~tactically~*~*~ (stealth).
  6797 | D:8      | Found an opulent altar of Gozag.
  6858 | D:8      | 6858 ||| UPGRADING to +0 kite shield.
  6868 | D:8      | 6868 ||| DROPPING +0 buckler.
  6869 | D:8      | 6869 ||| READING 2 scrolls of identify.
  6869 | D:8      | 6869 ||| IDENTIFYING gluggy clear potion
  6875 | D:9      | 6875 ||| Stepping ~*~*~tactically~*~*~ (stealth).
  6882 | D:9      | Reached XP level 11. HP: 60/71 MP: 14/14
  6882 | D:9      | 6882 ||| FLEEEEING.
  6883 | D:9      | 6883 ||| STAIRDANCE
  6919 | D:9      | Reached **** piety under Okawaru
  6954 | D:9      | Found a radiant altar of Vehumet.
  7011 | D:9      | Reached skill level 6 in Shields
  7138 | D:9      | 7138 ||| INVOKING Heroism.
  7175 | D:9      | 7175 ||| READING scroll of enchant armour.
  7175 | D:9      | 7175 ||| ENCHANTING +0 pair of gloves.
  7180 | D:9      | 7180 ||| Stepping ~*~*~tactically~*~*~ (hiding).
  7187 | D:9      | 7187 ||| INVOKING Heroism.
  7188 | D:9      | Noticed a two-headed ogre
  7197 | D:9      | Killed a two-headed ogre
  7378 | D:9      | 7378 ||| Stepping ~*~*~tactically~*~*~ (hiding).
  7379 | D:9      | 7379 ||| Stepping ~*~*~tactically~*~*~ (hiding).
  7380 | D:9      | 7380 ||| Stepping ~*~*~tactically~*~*~ (hiding).
  7381 | D:9      | 7381 ||| Stepping ~*~*~tactically~*~*~ (hiding).
  7387 | D:9      | Reached skill level 1 in Throwing
  7400 | D:9      | 7400 ||| READING scroll of enchant armour.
  7400 | D:9      | 7400 ||| ENCHANTING +1 pair of gloves.
  7409 | D:9      | 7409 ||| Stepping ~*~*~tactically~*~*~ (stealth).
  7444 | D:9      | 7444 ||| READING scroll of enchant weapon.
  7444 | D:9      | 7444 ||| ENCHANTING +1 heavy broad axe.
  7521 | D:9      | 7521 ||| Stepping ~*~*~tactically~*~*~ (hiding).
  7752 | D:9      | 7752 ||| READING scroll labelled GOMUET WATHRO.
  7812 | D:10     | Entered Level 10 of the Dungeon
  7847 | D:10     | 7847 ||| Stepping ~*~*~tactically~*~*~ (hiding).
  7850 | D:10     | 7850 ||| Stepping ~*~*~tactically~*~*~ (stealth).
  7851 | D:10     | 7851 ||| Stepping ~*~*~tactically~*~*~ (hiding).
  7853 | D:10     | 7853 ||| INVOKING Heroism.
  7933 | D:10     | Found a staircase to the Lair.
  7974 | D:10     | Found a basalt altar of Yredelemnul.
  8009 | D:10     | 8009 ||| INVOKING Heroism.
  8011 | D:10     | 8011 ||| Stepping ~*~*~tactically~*~*~ (stealth).
  8012 | D:10     | 8012 ||| Stepping ~*~*~tactically~*~*~ (stealth).
  8030 | D:10     | Found the +8 demon trident "Rift" {distort, reach+}
  8031 | D:10     | Noticed a boulder beetle
  8032 | D:10     | Noticed a cyclops
  8032 | D:10     | Noticed a manticore
  8034 | D:10     | 8034 ||| Stepping ~*~*~tactically~*~*~ (hiding).
  8038 | D:10     | 8038 ||| INVOKING Heroism.
  8040 | D:10     | Killed a manticore
  8042 | D:10     | Reached skill level 9 in Shields
  8043 | D:10     | Killed a boulder beetle
  8045 | D:10     | Reached skill level 6 in Invocations
  8050 | D:10     | Killed a cyclops
  8190 | D:10     | 8190 ||| INVOKING Heroism.
  8227 | D:10     | 8227 ||| INVOKING Heroism.
  8263 | D:10     | Received a gift from Okawaru
  8304 | D:10     | 8304 ||| Stepping ~*~*~tactically~*~*~ (hiding).
  8310 | D:10     | 8310 ||| INVOKING Heroism.
  8433 | D:10     | 8433 ||| INVOKING Heroism.
  8496 | D:10     | Noticed Fannar
  8507 | D:10     | 8507 ||| INVOKING Heroism.
  8513 | D:10     | HP: 16/71 [Fannar/staff of cold (2)]
  8514 | D:10     | 8514 ||| READING 3 scrolls of teleportation.
  8514 | D:10     | HP: 3/71 [Fannar/staff of cold (14)]
  8515 | D:10     | 8515 ||| DRINKING potion of heal wounds.
  8516 | D:10     | Killed Fannar
  8517 | D:10     | Reached XP level 12. HP: 29/76 MP: 15/17
  8746 | D:10     | Noticed a tengu warrior
  8747 | D:10     | 8747 ||| Stepping ~*~*~tactically~*~*~ (hiding).
  8748 | D:10     | 8748 ||| Stepping ~*~*~tactically~*~*~ (hiding).
  8749 | D:10     | 8749 ||| Stepping ~*~*~tactically~*~*~ (hiding).
  8753 | D:10     | 8753 ||| INVOKING Heroism.
  8756 | D:10     | Killed a tengu warrior
  8757 | D:10     | Reached skill level 3 in Throwing
  8760 | D:10     | Noticed a two-headed ogre
  8762 | D:10     | Killed a two-headed ogre
  8762 | D:10     | Received a gift from Okawaru
  8854 | D:10     | 8854 ||| Stepping ~*~*~tactically~*~*~ (stealth).
  8859 | D:10     | 8859 ||| Stepping ~*~*~tactically~*~*~ (stealth).
  8876 | D:10     | 8876 ||| Stepping ~*~*~tactically~*~*~ (hiding).
  8882 | D:10     | 8882 ||| INVOKING Heroism.
  8909 | D:10     | 8909 ||| Stepping ~*~*~tactically~*~*~ (hiding).
  8911 | D:10     | 8911 ||| Stepping ~*~*~tactically~*~*~ (hiding).
  8983 | D:10     | 8983 ||| UPGRADING to +0 kite shield of protection.
  8984 | D:10     | 8984 ||| UPGRADING to +0 kite shield of protection.
  8988 | D:10     | 8988 ||| UPGRADING to +0 kite shield of protection.
  8998 | D:10     | 8998 ||| DROPPING +0 kite shield.
  8999 | D:10     | 8999 ||| UPGRADING to +0 plate armour.
  9009 | D:10     | 9009 ||| DROPPING +3 chain mail of Starshine {rPois}.
  9472 | D:10     | 9472 ||| PLANNING LAIR
  9533 | Lair:1   | Entered Level 1 of the Lair of Beasts
  9548 | Lair:1   | 9548 ||| STAIRDANCE
  9555 | D:10     | Reached skill level 9 in Invocations
  9580 | Lair:1   | 9580 ||| STAIRDANCE
  9582 | D:10     | 9582 ||| INVOKING Heroism.
  9713 | Lair:1   | 9713 ||| INVOKING Heroism.
  9790 | Lair:1   | 9790 ||| Stepping ~*~*~tactically~*~*~ (stealth).
  9866 | Lair:1   | 9866 ||| INVOKING Heroism.
  9937 | Lair:1   | 9937 ||| INVOKING Heroism.
 10406 | Lair:2   | 10406 ||| INVOKING Heroism.
 10418 | Lair:2   | Reached skill level 12 in Axes
 10522 | Lair:2   | 10522 ||| INVOKING Heroism.
 10555 | Lair:2   | 10555 ||| INVOKING Heroism.
 10571 | Lair:2   | Reached XP level 13. HP: 65/80 MP: 20/20
 10628 | Lair:2   | 10628 ||| INVOKING Heroism.
 10633 | Lair:2   | 10633 ||| SWAPPING to +2 morningstar of freezing.
 10639 | Lair:2   | 10639 ||| UPGRADING to +2 heavy broad axe.
 10762 | Lair:2   | 10762 ||| INVOKING Heroism.
 11364 | Lair:2   | 11364 ||| READING 5 scrolls of identify.
 11364 | Lair:2   | 11364 ||| IDENTIFYING sapphire potion
 11365 | Lair:2   | 11365 ||| DROPPING potion of ambrosia.
 11434 | Lair:3   | 11434 ||| INVOKING Heroism.
 11439 | Lair:3   | 11439 ||| SWAPPING to +2 morningstar of freezing.
 11496 | Lair:3   | 11496 ||| UPGRADING to +2 heavy broad axe.
 11504 | Lair:3   | Reached ***** piety under Okawaru
 11546 | Lair:3   | 11546 ||| Stepping ~*~*~tactically~*~*~ (stealth).
 11595 | Lair:3   | Found a hole to the Spider Nest.
 11678 | Lair:3   | 11678 ||| INVOKING Heroism.
 11739 | Lair:3   | 11739 ||| Stepping ~*~*~tactically~*~*~ (stealth).
 11745 | Lair:3   | Reached skill level 13 in Axes
 11887 | Lair:3   | 11887 ||| INVOKING Heroism.
 11923 | Lair:3   | 11923 ||| Stepping ~*~*~tactically~*~*~ (stealth).
 11938 | Lair:3   | Reached skill level 9 in Armour
 11938 | Lair:3   | 11938 ||| INVOKING Heroism.
 12019 | Lair:3   | Received a gift from Okawaru
 12145 | Lair:3   | Found a staircase to the Swamp.
 12146 | Lair:3   | 12146 ||| Stepping ~*~*~tactically~*~*~ (hiding).
 12154 | Lair:3   | Identified the +11 executioner's axe of Cup {distort, rElec
                  | rPois rCorr Str+4} (Okawaru gifted it to you on level 3 of
                  | the Lair of Beasts)
 12154 | Lair:3   | Received a gift from Okawaru
 12155 | Lair:3   | 12155 ||| Stepping ~*~*~tactically~*~*~ (cloud).
 12183 | Lair:3   | 12183 ||| INVOKING Heroism.
 12321 | Lair:3   | 12321 ||| INVOKING Heroism.
 12771 | Lair:3   | 12771 ||| READING scroll labelled XEOCAYLUGU.
 12785 | Lair:4   | Noticed Nessos
 12786 | Lair:4   | 12786 ||| INVOKING Finesse.
 12803 | Lair:4   | 12803 ||| STAIRDANCE
 12803 | Lair:4   | HP: 13/82 [something (13)]
 13017 | Lair:4   | 13017 ||| STAIRDANCE
 13055 | Lair:4   | 13055 ||| STAIRDANCE
 13127 | Lair:4   | 13127 ||| INVOKING Finesse.
 13134 | Lair:4   | 13134 ||| INVOKING Heroism.
 13143 | Lair:4   | Killed Nessos
 13255 | Lair:4   | 13255 ||| Stepping ~*~*~tactically~*~*~ (stealth).
 13256 | Lair:4   | 13256 ||| Stepping ~*~*~tactically~*~*~ (stealth).
 13258 | Lair:4   | 13258 ||| Stepping ~*~*~tactically~*~*~ (stealth).
 13301 | Lair:4   | 13301 ||| Stepping ~*~*~tactically~*~*~ (stealth).
 13304 | Lair:4   | Reached skill level 14 in Axes
 13308 | Lair:4   | Gained mutation: Your large and strong wings let you fly.
                  | [Gargoyle growth]
 13308 | Lair:4   | Reached XP level 14. HP: 88/88 MP: 21/21
 13325 | Lair:4   | Identified the +6 falchion of the Real Monster {drain,
                  | rPois rC+ Dex-2}
 13425 | Lair:4   | Noticed Josephine
 13433 | Lair:4   | Killed Josephine
 13437 | Lair:4   | 13437 ||| INVOKING Heroism.
 13736 | Lair:4   | Reached skill level 12 in Shields
 13807 | Lair:4   | 13807 ||| Stepping ~*~*~tactically~*~*~ (stealth).
 13808 | Lair:4   | 13808 ||| INVOKING Heroism.
 13809 | Lair:4   | 13809 ||| Stepping ~*~*~tactically~*~*~ (stealth).
 13810 | Lair:4   | 13810 ||| INVOKING Finesse.
 13812 | Lair:4   | Received a gift from Okawaru
 13814 | Lair:4   | 13814 ||| Stepping ~*~*~tactically~*~*~ (hiding).
 13816 | Lair:4   | Received a gift from Okawaru
 13820 | Lair:4   | 13820 ||| SWAPPING to +2 morningstar of freezing.
 13830 | Lair:4   | HP: 19/90 [six-headed hydra (10)]
 13831 | Lair:4   | 13831 ||| READING 2 scrolls of teleportation.
 13838 | Lair:4   | Slain by a six-headed hydra

Levels and vault maps discovered:
D:1:      psy_arrival_radial01, layout_basic, minmay_cupped
D:2:      layout_basic, basic_altar, uniq_terence
D:3:      layout_rooms, nicolae_shop_vocational
D:4:      layout_loops_ring, fedhas_altar_3, grunt_temple_overflow_diamond,
          nicolae_ru_path_of_blood
D:5:      layout_rooms, serial_shops, nicolae_shop_just_a_little_nook,
          uniq_duvessa
D:6:      layout_loops_ring, gup_sewer_entry_bowl, minivault_4
D:7:      layout_cave_pods, old_standard_altar, minmay_temple_entry_waves,
          grunt_tough_drop, uniq_menkaure, uniq_prince_ribbit1, uniq_maggie
D:8:      kennysheep_blocky_hall, layout_rooms, mainiacjoe_overflow_alcove_1,
          uniq_gastronok, uniq_grum
D:9:      layout_basic, mainiacjoe_overflow_paths, chequers_serial_rivers_marsh,
          nzn_life_drinkers
D:10:     kennysheep_seaside_town, layout_long_grid, old_standard_altar,
          hellmonk_lair_entry_icy, minmay_shattered_shrine, uniq_fannar
Lair:1:   layout_hall_layers, beast_lair_carwin_5, grunt_megastairs_5,
          lemuel_fruit_fields, serial_bayou_shore_a
Lair:2:   layout_cave_pods
Lair:3:   layout_cave_shapes, nicolae_swamp_entry_spooky,
          spider_nest_entry_rubble, infiniplex_staircase_pool_2
Lair:4:   layout_regular_city, lemuel_old_faithful, uniq_nessos, uniq_josephine

Skill      XL: |  1  2  3  4  5  6  7  8  9 10 11 12 13 14 |
---------------+-------------------------------------------+-----
Axes           | 2 3 4 5 6 8 10 11 12 14 | 14.0
Fighting       | 4 6 7 9 10 11 | 11.0
Invocations    | 1 4 7 10 | 10.0
Dodging        | 1 2 |  2.0
Shields        | 4 5 10 11 12 | 12.0
Armour         | 4 6 8 9 |  9.9
Throwing       | 2 3 4 5 |  5.1

Action                     |  1- 3 |  4- 6 |  7- 9 | 10-12 | 13-15 || total
---------------------------+-------+-------+-------+-------+-------++-------
  Melee: War axe           |    98 |    97 |   174 |       |       ||   369
         Broad axe         |       |       |    15 |   314 |   192 ||   521
         Morningstar       |       |       |       |       |    35 ||    35
  Throw: Boomerang         |       |       |       |    40 |    82 ||   122
         Javelin           |       |       |       |    41 |    34 ||    75
 Invoke: Heroism           |       |       |    12 |    23 |    11 ||    46
         Finesse           |       |       |       |       |     3 ||     3
    Use: Scroll            |     3 |    12 |     8 |     7 |     3 ||    33
         Potion            |     1 |       |     3 |     1 |       ||     5
 Armour: Scale mail        |    35 |     3 |       |       |       ||    38
         Chain mail        |       |    52 |   102 |   183 |       ||   337
         Plate armour      |       |       |       |    44 |   210 ||   254
  Dodge: Dodged            |    45 |    48 |    71 |   162 |    94 ||   420
  Block: Buckler           |    14 |    15 |    34 |    28 |       ||    91
         Kite shield       |       |       |       |   167 |   172 ||   339

Table legend:
 A = Non-vault XP
 B = Vault XP
 C = Vault XP percentage of total XP
 D = Non-vault monster count
 E = Vault monster count
 F = Vault count percentage of total count
                 A         B        C        D         E       F
            +---------+---------+-------+---------+---------+-------
      Total |   44328 |   22489 |  33.7 |     310 |     100 |  24.4
            +---------+---------+-------+---------+---------+-------
        D:1 |      37 |       4 |   9.8 |      22 |       3 |  12.0
        D:2 |      47 |      36 |  43.4 |      19 |       1 |   5.0
        D:3 |      19 |       0 |   0.0 |       9 |       0 |   0.0
        D:4 |     107 |       0 |   0.0 |      14 |       0 |   0.0
        D:5 |     533 |     205 |  27.8 |      11 |       2 |  15.4
        D:6 |    1028 |      16 |   1.5 |      19 |       3 |  13.6
        D:7 |    1340 |    1243 |  48.1 |      13 |       9 |  40.9
        D:8 |    1984 |    2301 |  53.7 |      44 |       8 |  15.4
        D:9 |    2595 |     201 |   7.2 |      32 |       1 |   3.0
       D:10 |    1296 |   11090 |  89.5 |      13 |      55 |  80.9
     Lair:1 |    3109 |    1454 |  31.9 |      13 |       5 |  27.8
     Lair:2 |    6765 |       0 |   0.0 |      26 |       0 |   0.0
     Lair:3 |   12644 |    3358 |  21.0 |      45 |       8 |  15.1
     Lair:4 |   12824 |    2581 |  16.8 |      30 |       5 |  14.3
            +---------+---------+-------+---------+---------+-------
